 Dungeon Crawl Stone Soup version 0.24.0-1-gfbc8707122 (webtiles) character file.

Game seed: 6861621323644743113, levelgen mode: deterministic

52 Nivan the Conjurer (level 3, -9/26 HPs)
             Began as a Draconian Conjurer on Oct 25, 2019.
             Mangled by a gnoll
             ... wielding a +0 halberd
              (15 damage)
             ... on level 2 of the Dungeon.
             The game lasted 00:04:43 (1128 turns).

Nivan the Conjurer (Draconian Conjurer)             Turns: 1128, Time: 00:04:43

Health: -9/26      AC:  5    Str: 10    XL:     3   Next: 60%
Magic:  4/6        EV: 12    Int: 16    God:
Gold:   57         SH:  0    Dex: 11    Spells: 5/6 levels left

rFire    . . .     SeeInvis .   (no weapon)
rCold    . . .     Gourm    .   (no shield)
rNeg     . . .     Faith    .   (armour unavailable)
rPois    .         Spirit   .   (helmet restricted)
rElec    .         Reflect  .   (no cloak)
rCorr    .         Harm     .   (no gloves)
MR       .....                  (no boots)
Stlth    ++........             (no amulet)
HPRegen  0.08/turn              (no ring)
MPRegen  0.10/turn              (no ring)

@: no status effects
A: unfitting armour, cold-blooded, AC +5
a: no special abilities


You were on level 2 of the Dungeon.
You were not hungry.

You visited 1 branch of the dungeon, and saw 2 of its levels.

You collected 57 gold pieces.

Inventory:

Jewellery
 g - an uncursed amulet of faith
Scrolls
 c - 2 scrolls of identify {unknown}
 f - 3 scrolls of fear {unknown}
Potions
 d - a potion of cancellation {unknown}
 e - a potion of resistance {unknown}
 h - a potion of curing {unknown}
 i - a potion of brilliance {unknown}
Comestibles
 b - 3 rations


   Skills:
 + Level 2.1 Dodging
 + Level 1.9 Stealth
 + Level 2.3 Spellcasting
 + Level 4.9 Conjurations


You had 5 spell levels left.
You knew the following spells:

 Your Spells              Type           Power        Failure   Level  Hunger
a - Magic Dart            Conj           ###.         2%          1    #......

Your spell library contained the following spells:

 Spells                   Type           Power        Failure   Level  Hunger
 Searing Ray              Conj           ###...       4%          2    ###....
 Dazzling Spray           Conj/Hex       #.....       22%         3    ###....
 Iskenderun's Mystic Bla  Conj           ###.....     26%         4    #####..
 Force Lance              Conj/Tloc      #.......     58%         4    #####..
 Fulminant Prism          Conj/Hex       #.........   58%         4    #####..


Dungeon Overview and Level Annotations

Branches:
Dungeon (2/15)

Altars:


Innate Abilities, Weirdness & Mutations

Your plain brown scales are hard. (AC +5)
You cannot fit into any form of body armour.
You are cold-blooded and may be slowed by cold attacks.


Message History

The magic dart hits the gnoll but does no damage.
Casting: Magic Dart (safe; 2% risk of failure)
Confirm with . or Enter, or press ? or * to list all spells.
Aiming: Magic Dart (safe; 2% risk of failure)
Press: ? - help, Shift-Dir - straight line, f/p - gnoll
Aim: a gnoll, wielding a +0 halberd The magic dart hits the gnoll.
The gnoll is moderately wounded.
The gnoll barely misses you. The gnoll closely misses you.
The gnoll closely misses you. The gnoll misses you.
The gnoll closely misses you. The gnoll closely misses you.
You see here a +0 club.
You see here a rat skeleton.
There is a stone staircase leading up, spattered with blood here.
The gnoll hits you from afar with a +0 halberd!
Ouch! That really hurt!
You die...

#.# #.###########
#.#.........# #.#.#######.#
.# #.#...@# ##.#####...#
#.###..# #........# ..
###.....g###....##### ..
#..............(# gg
#.......####....### #.
#....)..# #......# # #.
+.(.....# #...##.# .8##.
#.......# #######.#
..##g####.......###.......#


You could see a gnoll.

Vanquished Creatures
  2 gnolls (D:2)
  A dart slug (D:1)
  3 leopard geckos
  A bat (D:1)
  5 goblins
  3 hobgoblins (D:1)
  3 kobolds
  2 frilled lizards
  8 rats
28 creatures vanquished.

Notes
Turn   | Place    | Note
-------+----------+-------------------------------------------
     0 | D:1      | Nivan the Draconian Conjurer began the quest for the Orb.
     0 | D:1      | Reached XP level 1. HP: 14/14 MP: 3/3
   199 | D:1      | Reached XP level 2. HP: 18/20 MP: 0/5
   755 | D:2      | Reached XP level 3. HP: 26/26 MP: 3/6
  1069 | D:2      | HP: 1/26 [gnoll/+0 hand axe (9)]
  1128 | D:2      | Mangled by a gnoll

Levels and vault maps discovered:
D:1:      roderic_crop_circles_arrival_small, layout_loops_ring,
          grunt_decor_cap, minivault_4, minmay_close_crescents
D:2:      layout_basic, nicolae_overflow_hidden_temple, first_ration

Skill      XL: |  1  2 |
---------------+-------+-----
Dodging        | 2 |  2.1
Stealth        | |  1.9
Spellcasting   | |  2.3
Conjurations   | |  4.9

Action                   || total
-------------------------++-------
Melee: Unarmed           ||    34
       Tailslap          ||     4
 Cast: Magic Dart        ||    63
  Eat: Chunk             ||     2
Armor: Skin              ||    11
Dodge: Dodged            ||    28
